 Dungeon Crawl Stone Soup version 0.20-a0-1101-g1de9d76 (webtiles) character file.

395 Alarkh the Chopper (level 6, 13/47 HPs)
             Began as a Demonspawn Berserker on May 4, 2017.
             Was a Believer of Trog.
             Quit the game on level 4 of the Dungeon.
             The game lasted 00:02:26 (1542 turns).

Alarkh the Chopper (Demonspawn Berserker)           Turns: 1542, Time: 00:02:26

Health: 13/47      AC:  2    Str: 18    XL:     6   Next: 52%
Magic:  5/6        EV: 12    Int: 10    God:    Trog [**....]
Gold:   131        SH:  3    Dex: 12    Spells: 5/5 levels left

rFire    . . .     SeeInvis .   a - +0 hand axe
rCold    + . .     Gourm    .   (no shield)
rNeg     . . .     Faith    .   b - +0 animal skin
rPois    +         Spirit   +   (no helmet)
rElec    .         Reflect  +   p - scarf {repulsion}
rCorr    .         Harm     .   (no gloves)
MR       .....                  (no boots)
Stlth    +.........             q - +3 amulet of reflection
Regen    0.2/turn               n - ring of poison resistance
MPRegen  0.1/turn               r - ring "Cutemy" {rC+ Slay+4}

@: slowed, repel missiles, very slow
A: hooves 1, powered by death 1, magic shield
a: Berserk, Trog's Hand, Burn Spellbooks, Renounce Religion


You were on level 4 of the Dungeon.
You worshipped Trog.
Trog was pleased with you.
You were very hungry.

You visited 1 branch of the dungeon, and saw 3 of its levels.

You collected 131 gold pieces.

Inventory:

Hand Weapons
 a - a +0 hand axe (weapon)
Armour
 b - a +0 animal skin (worn)
 p - a scarf of repulsion (worn)
Jewellery
 n - a ring of poison resistance (left hand)
 q - a +3 amulet of reflection (around neck)
 r - the ring "Cutemy" (right hand) {rC+ Slay+4}
   (You found it on level 4 of the Dungeon)

   [ring of protection from cold]

   It affects your accuracy and damage with ranged weapons and melee attacks
   (+4).
   It protects you from cold.
Scrolls
 e - a scroll of teleportation
 f - a scroll of amnesia {unknown}
 h - a scroll of identify {unknown}
 k - a scroll of recharging {unknown}
 m - a scroll of blinking {unknown}
Potions
 j - a potion of lignification {unknown}
 l - a potion of brilliance {unknown}
 o - a potion of haste {unknown}
Comestibles
 c - 3 bread rations
 g - a meat ration
 i - a royal jelly
 s - 3 chunks of flesh


   Skills:
 - Level 3.0 Fighting
 + Level 6.8 Axes
 - Level 1.7 Armour
 - Level 1.7 Dodging


You had 5 spell levels left.
You didn't know any spells.

Dungeon Overview and Level Annotations

Branches:
Dungeon (2/15)

Altars:
Fedhas
Hepliaklqana


Innate Abilities, Weirdness & Mutations

You have large cloven feet.
You regenerate a little health from kills.
When hurt, damage is shared between your health and your magic reserves.


Message History

Your Axes skill increases to level 6!
You have reached level 6!
Your experience leads to an increase in your attributes!
Your base attributes are Str 18, Int 9, Dex 12.
Increase (S)trength, (I)ntelligence, or (D)exterity?
You feel clever.
Your demonic ancestry asserts itself...
You feel your magical essence form a protective shroud around your flesh.
The phantom blinks!
You feel a strong urge to attack something.
You feel your anger subside.
You are no longer berserk.
You are exhausted.
You feel yourself slow down.
You hit the phantom. You kick the phantom.
The phantom is almost destroyed.
The phantom hits you.
* * * LOW HITPOINT WARNING * * *
You hit the phantom.
You destroy the phantom!
Trog accepts your kill.
Are you sure you want to abandon this character and quit the game? (Confirm with "yes".)

#.# ##..#...รท..#
####.# ##........#
###....#######...####
..........##.###.##
.................#
..###.....##..?..# .
...............#
####....##..#..#
#....##..#@.#
#....##..#..#
#........#..#
#...........#
........# #.##..#..#
.#..# .....#


There were no monsters in sight!

Vanquished Creatures
  Menkaure (D:4)
  A phantom (D:4)
  A bullfrog (D:4)
  Natasha (D:2)
  An iguana (D:4)
  3 adders (D:2)
  An adder zombie (D:4)
  3 dart slugs
  4 bats (D:1)
  2 giant cockroaches
  4 goblins
  5 hobgoblins (D:1)
  2 jackals (D:2)
  6 kobolds
  2 ball pythons (D:1)
  A frilled lizard (D:1)
  A leopard gecko zombie (D:4)
  7 rats
46 creatures vanquished.

Notes
Turn   | Place    | Note
-------+----------+-------------------------------------------
     0 | D:1      | Alarkh the Demonspawn Berserker began the quest for the Orb.
     0 | D:1      | Reached XP level 1. HP: 18/18 MP: 1/1
    78 | D:1      | Reached skill level 3 in Axes
   204 | D:1      | Gained mutation: You regenerate a little health from kills. [demonic ancestry]
   204 | D:1      | Reached XP level 2. HP: 23/24 MP: 2/2
   936 | D:2      | Found a blossoming altar of Fedhas.
   961 | D:2      | Reached XP level 3. HP: 27/29 MP: 3/3
  1001 | D:2      | Reached skill level 4 in Axes
  1027 | D:2      | Noticed Natasha
  1049 | D:2      | Killed Natasha
  1049 | D:2      | Reached ** piety under Trog
  1085 | D:2      | Reached XP level 4. HP: 33/35 MP: 4/4
  1371 | D:2      | Found a hazy altar of Hepliaklqana.
  1375 | D:2      | You fall through a shaft for 2 floors!
  1394 | D:4      | Reached skill level 5 in Axes
  1426 | D:4      | Got a crude golden ring
  1427 | D:4      | Identified the ring "Cutemy" {rC+ Slay+4} (You found it on level 4 of the Dungeon)
  1478 | D:4      | Noticed a bullfrog
  1483 | D:4      | Killed a bullfrog
  1483 | D:4      | Gained mutation: You have large cloven feet. [demonic ancestry]
  1483 | D:4      | Reached XP level 5. HP: 25/41 MP: 5/5
  1489 | D:4      | Noticed Menkaure
  1491 | D:4      | Noticed a phantom
  1534 | D:4      | Killed Menkaure
  1534 | D:4      | Reached skill level 6 in Axes
  1534 | D:4      | Gained mutation: When hurt, damage is shared between your health and your magic reserves. [demonic ancestry]
  1534 | D:4      | Reached XP level 6. HP: 24/47 MP: 6/6
  1542 | D:4      | Quit the game

Vault maps used:
D:1:      dpeg_arrival_arbitrary_b, minmay_pentomino_q2
D:2:      lemuel_blue_sif_altar, overflow_temple_1_default,
          nicolae_overflow_crystal_walls, uniq_natasha, uniq_robin
D:4:      lemuel_coloured_pillars_altar, grunt_temple_overflow_open,
          gup_sewer_entry_glass, first_bread, hangedman_decor_opposing,
          minivault_27, uniq_duvessa, uniq_pikel, uniq_crazy_yiuf_cottage,
          uniq_menkaure, uniq_ijyb

Skill      XL: |  1  2  3  4  5 |
---------------+----------------+-----
Axes           | 3 4 5 6 |  6.8
Fighting       | |  3.0
Armour         | |  1.7
Dodging        | |  1.7

Action                   |  1- 3 |  4- 6 || total
-------------------------+-------+-------++-------
Melee: Hand axe          |   101 |    46 ||   147
       Kick              |       |     6 ||     6
Invok: Berserk           |     2 |     3 ||     5
  Use: Scroll            |       |     1 ||     1
       Potion            |       |     1 ||     1
 Stab: Sleeping          |     2 |       ||     2
  Eat: Chunk             |     3 |     3 ||     6
Armor: Animal skin       |    16 |     4 ||    20
Dodge: Dodged            |    67 |    26 ||    93
Block: Other             |       |     5 ||     5
